[Event "Titled Tuesday Blitz April 12 Early 2022"]
[White "Maltsevskaya, Aleksandra"]
[Black "Sadilek, Peter"]
[WhiteFideId "24174041"]
[BlackFideId "1616439"]
[WhiteElo "2235"]
[BlackElo "2145"]
[Result "1-0"]
[Round "01"]
[TimeControl "180+1"]
[Date "2022.04.13"]
[WhiteClock "0:00:29"]
[BlackClock "0:00:01"]

1. e4 g6 2. d4 Bg7 3. Nf3 d6 4. Bd3 Nf6 5. O-O O-O 6. h3 Nc6 7. Bg5 h6 8. Bh4 Qe8 9. e5 dxe5 10. dxe5 Nh5 11. Re1 Nf4 12. Be4 Be6 13. Bg3 Rd8 14. Nbd2 Nd5 15. c4 Ndb4 16. Qb1 Nd4 17. a3 Nbc6 18. b4 Nxf3+ 19. Nxf3 Bxc4 20. b5 Nd4 21. a4 Ne2+ 22. Kh2 Nxg3 23. fxg3 Bd5 24. Ra3 Bxe4 25. Qxe4 b6 26. e6 f5 27. Qb7 Rd6 28. Qxc7 Bf6 29. Rae3 Qc8 30. Qxa7 Qc5 31. Ne5 Bxe5 32. Rxe5 Qf2 33. R1e2 Qf1 34. Re1 Qf2 35. R5e2 Qd4 36. Qxe7 f4 37. gxf4 Qxf4+ 38. Kh1 Rd2 39. Rxd2 Qxd2 40. Qh4 h5 41. e7 Re8 42. Qg3 Kg7 43. Qe5+ 1-0


[Site "https://www.chess.com"]

[Event "Titled Tuesday Blitz April 12 Early 2022"]
[White "Manelyuk, Daniil"]
[Black "Kosakowski, Jakub"]
[WhiteFideId "44173920"]
[BlackFideId "1185080"]
[WhiteElo "2209"]
[BlackElo "2454"]
[Result "0-1"]
[Round "01"]
[TimeControl "180+1"]
[Date "2022.04.13"]
[WhiteClock "0:00:35"]
[BlackClock "0:01:36"]

1. e4 c5 2. Nf3 Nf6 3. Nc3 d6 4. d4 cxd4 5. Nxd4 g6 6. f3 Bg7 7. Be3 O-O 8. Qd2 Nc6 9. O-O-O d5 10. exd5 Nxd5 11. Nxc6 bxc6 12. Bd4 e5 13. Bc5 Be6 14. Ne4 Re8 15. h4 h6 16. g4 Qc7 17. Bc4 Rad8 18. Qf2 Nf4 19. Bxe6 Nxe6 20. Bd6 Qa5 21. Kb1 f5 22. gxf5 gxf5 23. Ng3 e4 24. fxe4 Rxd6 25. exf5 Rxd1+ 26. Rxd1 Qe5 27. c3 Nf4 28. Qxa7 Nd5 29. Qd7 Nxc3+ 30. bxc3 Rb8+ 0-1


[Site "https://www.chess.com"]

[Event "Titled Tuesday Blitz April 12 Early 2022"]
[White "Mangialardo, Tiago Carvalho"]
[Black "Hnydiuk, Aleksander"]
[WhiteFideId "2130718"]
[BlackFideId "1109057"]
[WhiteElo "2043"]
[BlackElo "2374"]
[Result "0-1"]
[Round "01"]
[TimeControl "180+1"]
[Date "2022.04.13"]
[WhiteClock "0:00:04"]
[BlackClock "0:01:14"]

1. e4 Nf6 2. e5 Nd5 3. d4 d6 4. Nf3 dxe5 5. dxe5 Bg4 6. Be2 Nc6 7. O-O e6 8. c4 Ndb4 9. Qb3 Bxf3 10. Bxf3 Nd4 11. Qa4+ Qd7 12. Qxd7+ Kxd7 13. Rd1 Nc2 14. Bxb7 Rb8 15. Be4 Nxa1 16. Rxd4+ Kc8 17. Nc3 Bc5 18. Rd1 Rd8 19. Rxd8+ Kxd8 20. Kf1 Ke7 21. Ke2 Bd4 22. f4 Rb4 23. Kd3 Bc5 0-1


[Site "https://www.chess.com"]

[Event "Titled Tuesday Blitz April 12 Early 2022"]
[White "Manolache, Marius"]
[Black "Mekhane, Adam"]
[WhiteFideId "1201530"]
[BlackFideId "36050601"]
[WhiteElo "2364"]
[BlackElo "2002"]
[Result "1-0"]
[Round "01"]
[TimeControl "180+1"]
[Date "2022.04.13"]
[WhiteClock "0:00:35"]
[BlackClock "0:00:08"]

1. d4 Nf6 2. c4 g6 3. Nc3 Bg7 4. e4 d6 5. f3 O-O 6. Be3 a6 7. Qd2 Nbd7 8. Nge2 b5 9. cxb5 axb5 10. Nxb5 c6 11. Nbc3 e5 12. dxe5 Nxe5 13. Nc1 d5 14. exd5 cxd5 15. Be2 Nc4 16. Bxc4 dxc4 17. Qxd8 Rxd8 18. N1e2 Nd5 19. O-O-O Be6 20. Nxd5 Bxd5 21. Bd4 Rxa2 22. Bxg7 Kxg7 23. Nc3 Ra5 24. Rhe1 Rd7 25. Re5 Ra1+ 26. Kc2 Rxd1 27. Nxd1 Be6 28. Ne3 Rd3 29. Re4 Rd7 30. Re5 Rd4 31. Re4 Rxe4 32. fxe4 Kf6 33. Kc3 Ke5 34. Nxc4+ Kxe4 35. b4 Kd5 36. Ne3+ Kc6 37. Kd4 Kb5 38. Nd5 Kc6 39. Nc3 f6 40. g3 h5 41. Ne4 f5 42. Ng5 Bd7 43. Ke5 Kb5 44. Kf6 Kxb4 45. Kxg6 h4 46. gxh4 f4 47. Kf6 Bg4 48. Kg6 f3 49. Ne4 Kc4 50. Nf2 Be6 51. h5 Kd4 52. h6 Ke5 53. Kg7 Bf5 54. h7 Bxh7 55. Kxh7 Kf4 56. Kg6 Ke3 57. Ng4+ Kf4 58. Kh5 Kf5 59. Kh4 Kf4 60. Kh3 f2 61. Nxf2 Kg5 62. Kg3 Kf5 63. h4 Kg6 64. Kg4 Kh6 65. Ne4 Kg7 66. Ng3 Kh7 67. Kg5 Kg7 68. h5 Kh7 69. Ne4 Kg7 70. h6+ Kg8 71. Kh5 Kh7 72. Kg5 Kg8 73. Kg6 Kh8 74. Ng5 Kg8 75. h7+ Kh8 76. Nf7# 1-0


[Site "https://www.chess.com"]

[Event "Titled Tuesday Blitz April 12 Early 2022"]
[White "Manukian, Artak"]
[Black "MikeKorovin"]
[WhiteFideId "13301373"]
[WhiteElo "2366"]
[BlackElo "2713"]
[Result "0-1"]
[Round "01"]
[TimeControl "180+1"]
[Date "2022.04.13"]
[WhiteClock "0:00:01"]
[BlackClock "0:03:01"]

1. e4 e6 2. Nf3 d5 3. exd5 exd5 4. d4 Nc6 5. c3 Bd6 6. Bd3 Nge7 7. O-O Bg4 8. h3 Bh5 9. Bg5 f6 10. Bh4 Qd7 11. Bg3 O-O 12. Bxd6 Qxd6 13. Nbd2 Rae8 0-1


[Site "https://www.chess.com"]

[Event "Titled Tuesday Blitz April 12 Early 2022"]
[White "Manukyan, Artyom"]
[Black "Butti, Enrique"]
[WhiteFideId "13305786"]
[BlackFideId "3700470"]
[WhiteElo "2034"]
[BlackElo "2080"]
[Result "1-0"]
[Round "01"]
[TimeControl "180+1"]
[Date "2022.04.13"]
[WhiteClock "0:01:36"]
[BlackClock "0:00:01"]

1. e4 c5 2. Nf3 d6 3. d4 cxd4 4. Nxd4 Nf6 5. Nc3 a6 6. g3 e5 7. Nde2 b5 8. Bg2 Bb7 9. O-O Nbd7 10. h3 Be7 11. g4 b4 12. Nd5 Nxd5 13. exd5 Bg5 14. a3 a5 15. Ng3 Bxc1 16. Qxc1 O-O 17. Nf5 Nb6 18. axb4 axb4 19. Rxa8 Bxa8 20. Qd2 g6 21. Ne3 f5 22. gxf5 gxf5 23. Qxb4 f4 24. Ng4 f3 25. Bh1 Bxd5 26. Rd1 Rf4 27. Qa5 Qh4 28. Qxb6 Rxg4+ 29. hxg4 Qxg4+ 30. Kf1 Bc4+ 31. Ke1 Be2 32. Qd8+ 1-0


[Site "https://www.chess.com"]

[Event "Titled Tuesday Blitz April 12 Early 2022"]
[White "Matlakov, Maxim"]
[Black "Nguyen Hong Nhung"]
[WhiteFideId "4168003"]
[BlackFideId "12412201"]
[WhiteElo "2669"]
[BlackElo "1758"]
[Result "1-0"]
[Round "01"]
[TimeControl "180+1"]
[Date "2022.04.12"]
[WhiteClock "0:01:36"]
[BlackClock "0:01:08"]

1. e4 c5 2. Nf3 e6 3. c3 Nf6 4. e5 Nd5 5. Bc4 d6 6. d4 cxd4 7. cxd4 Be7 8. O-O O-O 9. Qe2 b6 10. Rd1 Nc6 11. Nc3 Nxc3 12. bxc3 dxe5 13. dxe5 Qc7 14. Bd3 Bb7 15. Qe4 g6 16. Bh6 Rfd8 17. Qf4 Rac8 18. h4 Bf8 19. Bxf8 Rxf8 20. h5 Ne7 21. Ng5 Nd5 22. Qh4 Qxe5 23. hxg6 Qg7 24. gxf7+ Rxf7 25. Bxh7+ Kh8 26. Nxf7+ Qxf7 27. Bg6+ 1-0


[Site "https://www.chess.com"]

[Event "Titled Tuesday Blitz April 12 Early 2022"]
[White "Melaugh, Shane"]
[Black "Mitrabha, Guha"]
[WhiteFideId "2509580"]
[BlackFideId "5057000"]
[WhiteElo "1972"]
[BlackElo "2468"]
[Result "1-0"]
[Round "01"]
[TimeControl "180+1"]
[Date "2022.04.13"]
[WhiteClock "0:00:08"]
[BlackClock "0:00:13"]

1. c4 Nf6 2. Nc3 c5 3. g3 g6 4. Bg2 Bg7 5. e4 O-O 6. Nge2 Nc6 7. O-O Ne8 8. a3 a5 9. f4 Nc7 10. f5 d6 11. d3 e6 12. g4 Kh8 13. Ng3 Nd4 14. Rb1 Rg8 15. Be3 gxf5 16. gxf5 Qh4 17. Rf4 Qh6 18. Qd2 Nb3 19. Qf2 Bd4 20. Bxd4+ Nxd4 21. fxe6 Bxe6 22. Rf1 Rg7 23. b4 axb4 24. axb4 b6 25. Rf6 Qh4 26. e5 Rd8 27. exd6 Rxd6 28. Nce4 Rd8 29. bxc5 bxc5 30. Nxc5 Rdg8 31. Nce4 Nc6 32. Rf4 Qd8 33. Nf6 Rf8 34. Bxc6 Qxd3 35. Bd5 Ra8 36. Rf3 Qg6 37. Qd4 Rd8 38. Nh5 Nxd5 39. cxd5 Qxh5 40. Qxg7+ Kxg7 41. Nxh5+ Kh6 42. dxe6 fxe6 43. Nf6 e5 44. Kf2 e4 45. Nxe4 Re8 46. Ng3 Kg5 47. Rf5+ Kh4 48. Kg2 Kg4 49. R1f4# 1-0


[Site "https://www.chess.com"]

[Event "Titled Tuesday Blitz April 12 Early 2022"]
[White "Meshkovs, Nikita"]
[Black "Caputcuoglu, Zeki Berke"]
[WhiteFideId "11602740"]
[BlackFideId "34548610"]
[WhiteElo "2506"]
[BlackElo "1368"]
[Result "1-0"]
[Round "01"]
[TimeControl "180+1"]
[Date "2022.04.13"]
[WhiteClock "0:00:06"]
[BlackClock "0:00:16"]

1. d4 Nf6 2. Nf3 g6 3. g3 Bg7 4. Bg2 O-O 5. O-O d5 6. a4 a5 7. c3 Nbd7 8. Bf4 c6 9. Qb3 Qb6 10. Nbd2 Ne4 11. Qxb6 Nxb6 12. Bc7 Nxd2 13. Nxd2 Nd7 14. e4 dxe4 15. Nxe4 Nf6 16. Nxf6+ Bxf6 17. Rfe1 Be6 18. Rxe6 fxe6 19. Bh3 Kg7 20. Bxe6 Ra6 21. Bc4 Ra7 22. Bb6 Raa8 23. Re1 Rfd8 24. f4 Rd6 25. Kg2 g5 26. f5 g4 27. Re4 h5 28. Be6 Bg5 29. h3 gxh3+ 30. Kxh3 Bc1 31. Re2 Kf6 32. Kg2 Rdd8 33. Kf3 Rh8 34. Bc7 h4 35. Be5+ Kg5 36. gxh4+ Rxh4 37. Rg2+ Kh6 38. Rg6+ Kh7 39. Rg7+ Kh6 40. Rxe7 Bg5 41. Rg7 Rh3+ 42. Kg4 Rh1 43. Rg6+ Kh7 44. Kxg5 Rg1+ 45. Kf6 Rf8+ 46. Ke7 Ra8 47. Rxg1 1-0


[Site "https://www.chess.com"]

[Event "Titled Tuesday Blitz April 12 Early 2022"]
[White "Migot, Tangi"]
[Black "Svane, Rasmus"]
[WhiteFideId "662445"]
[BlackFideId "4657101"]
[WhiteElo "2515"]
[BlackElo "2645"]
[Result "0-1"]
[Round "01"]
[TimeControl "180+1"]
[Date "2022.04.12"]
[WhiteClock "0:01:08"]
[BlackClock "0:01:54"]

1. Nf3 d5 2. g3 Nf6 3. Bg2 e6 4. O-O Be7 5. b3 O-O 6. Bb2 c5 7. c4 d4 8. e3 Nc6 9. exd4 cxd4 10. Re1 Re8 11. Ne5 Nxe5 12. Rxe5 Bd6 13. Re1 e5 14. Ba3 Bg4 15. Qc1 e4 16. Bxd6 Qxd6 17. Qa3 Qe5 18. Qb4 e3 19. dxe3 dxe3 20. Qc3 exf2+ 21. Kxf2 Qc5+ 22. Kf1 Rxe1+ 23. Qxe1 Re8 24. Qf2 Qe5 0-1


[Site "https://www.chess.com"]

[Event "Titled Tuesday Blitz April 12 Early 2022"]
[White "Molina, Roberto Junio Brito"]
[Black "Pein, Jonathan"]
[WhiteFideId "2109450"]
[BlackFideId "417092"]
[WhiteElo "2432"]
[BlackElo "2140"]
[Result "1-0"]
[Round "01"]
[TimeControl "180+1"]
[Date "2022.04.13"]
[WhiteClock "0:00:13"]
[BlackClock "0:00:05"]

1. d4 d5 2. c4 e5 3. dxe5 d4 4. Nf3 Nc6 5. a3 Bg4 6. Nbd2 Nge7 7. b4 Ng6 8. Bb2 Be7 9. h3 Be6 10. b5 Ncxe5 11. Nxd4 Bxc4 12. Nxc4 Nxc4 13. Bc3 O-O 14. e3 Nd6 15. Bd3 Bf6 16. O-O Re8 17. a4 Qd7 18. Qc2 Rad8 19. Rad1 Kh8 20. Rfe1 Nf8 21. Bb2 Qe7 22. Rc1 Rc8 23. Red1 Kg8 24. Be2 g6 25. Ba3 Be5 26. Bf3 h5 27. Bxb7 Rb8 28. Nc6 Qh4 29. Bxd6 Bxd6 30. Nxb8 Rxb8 31. Bf3 Ne6 32. Qc4 Qf6 33. Bd5 Ng5 34. f4 Nxh3+ 35. gxh3 Qh4 36. Bg2 Re8 37. Rc3 Qg3 38. Qd3 h4 39. Rf1 Bf8 40. Rf3 Qe1+ 41. Rf1 Qg3 42. Rb3 Bg7 43. Rf3 Qe1+ 44. Rf1 Qg3 45. Qd2 g5 46. Qf2 gxf4 47. Qxf4 Qg6 48. Qf5 Qg3 49. Qxf7+ Kh7 50. Qh5+ Kg8 51. Qxe8+ Kh7 52. Qh5+ Kg8 53. Qg4 1-0


[Site "https://www.chess.com"]

[Event "Titled Tuesday Blitz April 12 Early 2022"]
[White "Moroni, Luca Jr"]
[Black "Bures, Vit"]
[WhiteFideId "865834"]
[BlackFideId "309052"]
[WhiteElo "2573"]
[BlackElo "2079"]
[Result "1-0"]
[Round "01"]
[TimeControl "180+1"]
[Date "2022.04.13"]
[WhiteClock "0:01:19"]
[BlackClock "0:00:59"]

1. d4 d5 2. Nf3 Nf6 3. c4 c6 4. e3 Bg4 5. h3 Bh5 6. Nc3 e6 7. g4 Bg6 8. Qb3 Qb6 9. Ne5 Nbd7 10. Nxg6 hxg6 11. Bg2 g5 12. Bd2 Qxb3 13. axb3 Bd6 14. e4 dxe4 15. Bxg5 Bb4 16. Ke2 Bxc3 17. bxc3 a6 18. Ke3 O-O 19. Bxe4 Nxe4 20. Kxe4 f5+ 21. Ke3 fxg4 22. hxg4 e5 23. d5 cxd5 24. cxd5 Rac8 25. c4 Nf6 26. f3 e4 27. Bxf6 exf3 28. Be7 Rce8 29. d6 Rf6 30. Kf2 1-0


[Site "https://www.chess.com"]

[Event "Titled Tuesday Blitz April 12 Early 2022"]
[White "Muradov, Soltan"]
[Black "Harshavardhan G B"]
[WhiteFideId "14002108"]
[BlackFideId "25059009"]
[WhiteElo "1854"]
[BlackElo "1831"]
[Result "0-1"]
[Round "01"]
[TimeControl "180+1"]
[Date "2022.04.13"]
[WhiteClock "0:00:05"]
[BlackClock "0:01:03"]

1. d4 Nf6 2. c4 e5 3. e3 exd4 4. exd4 d5 5. c5 g6 6. Nc3 Bg7 7. Bd3 O-O 8. Nge2 Nc6 9. O-O Re8 10. Bg5 h6 11. Bh4 Ne7 12. Bxf6 Bxf6 13. Qd2 Bg7 14. b4 Bf5 15. b5 Qd7 16. Bxf5 Nxf5 17. Rad1 c6 18. a4 Re7 19. Qf4 Rae8 20. Ng3 Nxg3 21. hxg3 h5 22. bxc6 bxc6 23. Rb1 Kh7 24. a5 Bh6 25. Qf3 Bg7 26. Rfd1 Qc8 27. Qd3 Bf6 28. Qf3 Kg7 29. Qd3 h4 30. gxh4 Bxh4 31. a6 Bf6 32. Rd2 Rh8 33. Ne2 Re4 34. Ng3 Rxd4 35. Qe3 Rdh4 36. Rb7 Re8 37. Qf3 Re1+ 38. Nf1 Qh8 39. g3 Rh1+ 40. Qxh1 Rxf1+ 41. Kxf1 Qxh1+ 42. Ke2 Qe4+ 43. Kf1 Bc3 44. Re2 Qh1# 0-1


[Site "https://www.chess.com"]

[Event "Titled Tuesday Blitz April 12 Early 2022"]
[White "Mustafayev, Farid"]
[Black "Bernat, David"]
[WhiteFideId "13408771"]
[BlackFideId "2099225"]
[WhiteElo "2115"]
[BlackElo "2323"]
[Result "1-0"]
[Round "01"]
[TimeControl "180+1"]
[Date "2022.04.13"]
[WhiteClock "0:01:36"]
[BlackClock "0:00:43"]

1. d4 Nf6 2. Nf3 e6 3. Bf4 d5 4. e3 c5 5. Be2 Qb6 6. Qc1 Nc6 7. c3 cxd4 8. exd4 Be7 9. O-O O-O 10. Nbd2 Bd7 11. Ne5 Rac8 12. Nxd7 Nxd7 13. Nf3 f6 14. Bd3 e5 15. Bf5 Qc7 16. Be6+ Kh8 17. Bg3 Bd6 18. dxe5 Ncxe5 19. Nxe5 Nxe5 20. Bxc8 Qxc8 21. Qd2 Qc6 22. Rad1 Nc4 23. Qxd5 Bxg3 24. Qxc6 Bxh2+ 25. Kxh2 bxc6 26. Rd4 Ne5 27. Rfd1 h5 28. Rd8 Rxd8 29. Rxd8+ Kh7 30. Ra8 Nc4 31. b3 1-0


[Site "https://www.chess.com"]

[Event "Titled Tuesday Blitz April 12 Early 2022"]
[White "Myshakov, Fyodor"]
[Black "Grandelius, Nils"]
[WhiteFideId "14111284"]
[BlackFideId "1710400"]
[WhiteElo "2310"]
[BlackElo "2617"]
[Result "1/2-1/2"]
[Round "01"]
[TimeControl "180+1"]
[Date "2022.04.12"]
[WhiteClock "0:00:10"]
[BlackClock "0:00:26"]

1. c4 e6 2. Nc3 d5 3. cxd5 exd5 4. d4 c6 5. Nf3 Bd6 6. Bg5 Ne7 7. e3 Bf5 8. Bd3 Bg6 9. O-O Nd7 10. Qc2 O-O 11. Bxg6 hxg6 12. a3 f6 13. Bh4 Nb6 14. Bg3 Bxg3 15. hxg3 g5 16. Rfe1 Re8 17. Rad1 Qd7 18. Na4 Nxa4 19. Qxa4 Nf5 20. b4 Nd6 21. Nd2 b5 22. Qb3 a5 23. e4 Nc4 24. bxa5 Rxa5 25. Nxc4 bxc4 26. Qb4 Rb5 27. Qa4 Kf7 28. e5 Rb2 29. Qa5 Qf5 30. Rf1 Re6 31. Qc7+ Kg6 32. a4 fxe5 33. dxe5 Qxe5 34. Qd7 Qf6 35. a5 Ra2 36. Qa7 Qe7 37. Qb6 Qa3 38. Rxd5 c3 39. Rc5 Kh7 40. Rxc6 Rxc6 41. Qxc6 Qxa5 42. Rc1 Qe5 43. Qxc3 Qf5 44. Qf3 Qg6 45. Re1 Ra4 46. Qe3 Qf5 47. Qe6 Qf6 48. Qxf6 gxf6 49. f3 Kg6 50. g4 Ra2 51. Kh2 Rb2 52. Kg3 Ra2 53. Re4 Ra1 54. Rc4 Rh1 55. Rc2 Ra1 56. Kf2 Ra3 57. g3 Ra4 58. Kg2 Ra3 59. Rf2 Rb3 60. f4 Rc3 61. Rd2 Ra3 62. f5+ Kf7 63. Rd7+ Kf8 64. Rb7 Rc3 65. Kf2 Ra3 66. Rb2 Ra4 67. Re2 Rxg4 68. Kf3 Ra4 69. g4 Ra3+ 70. Re3 Ra1 71. Re6 Kf7 72. Re4 Ra3+ 73. Re3 Ra4 74. Re4 Ra1 75. Kg3 Rg1+ 76. Kf3 Rf1+ 77. Kg2 Rc1 78. Kf3 Rc3+ 79. Kf2 Ra3 80. Ke2 Rb3 81. Kf2 Rh3 82. Ke2 Ra3 83. Kf2 Ra2+ 84. Kf3 Ra3+ 85. Kf2 Ra2+ 86. Kf3 Ra3+ 1/2-1/2


[Site "https://www.chess.com"]

[Event "Titled Tuesday Blitz April 12 Early 2022"]
[White "Namitbir Singh Walia"]
[Black "Mikhailov, Viacheslav"]
[WhiteFideId "35071068"]
[BlackFideId "4187369"]
[WhiteElo "1565"]
[BlackElo "2381"]
[Result "0-1"]
[Round "01"]
[TimeControl "180+1"]
[Date "2022.04.13"]
[WhiteClock "0:00:03"]
[BlackClock "0:00:55"]

1. d4 Nf6 2. c4 g6 3. Nf3 Bg7 4. g3 O-O 5. Bg2 d6 6. O-O Nc6 7. b3 e5 8. Bb2 exd4 9. Nxd4 Bd7 10. Nd2 Nxd4 11. Bxd4 Bc6 12. e4 Re8 13. Re1 h5 14. Qc2 Nd7 15. Bxg7 Kxg7 16. f4 Qf6 17. Rad1 h4 18. Nf3 hxg3 19. hxg3 Rad8 20. Ng5 Nc5 21. Kf2 Ne6 22. Nf3 Nc5 23. Ng5 Rd7 24. Rh1 Rh8 25. Rxh8 Kxh8 26. Bf3 Kg7 27. Qe2 Rd8 28. Kg1 Rh8 29. Qg2 Qc3 30. Qe2 f6 31. b4 fxg5 32. bxc5 g4 33. Rd3 gxf3 0-1


[Site "https://www.chess.com"]

[Event "Titled Tuesday Blitz April 12 Early 2022"]
[White "Nan, M K Khine Hlyan"]
[Black "Sztokbant, Bernardo Vainzoff"]
[WhiteFideId "13002899"]
[BlackFideId "2115956"]
[WhiteElo "1943"]
[BlackElo "2225"]
[Result "1-0"]
[Round "01"]
[TimeControl "180+1"]
[Date "2022.04.13"]
[WhiteClock "0:00:34"]
[BlackClock "0:00:03"]

1. e4 c6 2. d4 d5 3. Bd3 dxe4 4. Bxe4 Nf6 5. Bf3 Bf5 6. Ne2 e6 7. O-O Bd6 8. Ng3 Bg6 9. Re1 O-O 10. c3 Nbd7 11. Bg5 Qc7 12. Nd2 Bf4 13. Bxf4 Qxf4 14. Nde4 Rfd8 15. Nxf6+ Nxf6 16. Qb3 Qc7 17. Re5 Rd7 18. Rae1 Rad8 19. a4 h6 20. Ne4 Nxe4 21. Bxe4 Bxe4 22. R5xe4 c5 23. dxc5 Qxc5 24. R4e2 Rd2 25. h3 b6 26. c4 R8d4 27. Qf3 Rxe2 28. Rxe2 Qxc4 29. Qa8+ Kh7 30. Re1 Qxa4 31. Qb7 Qd7 32. Qf3 Rd5 33. Qe4+ g6 34. Re3 Kg7 35. Rf3 Rf5 36. Rc3 Qd1+ 37. Kh2 Rxf2 38. Qe5+ Kh7 39. Rc7 Rxg2+ 40. Kxg2 Qd2+ 41. Kg3 Qg5+ 42. Qxg5 hxg5 43. Rxf7+ Kh6 44. Rxa7 1-0


[Site "https://www.chess.com"]

[Event "Titled Tuesday Blitz April 12 Early 2022"]
[White "Narayanan.S.L"]
[Black "Silva, Kaua Marques"]
[WhiteFideId "5058422"]
[BlackFideId "22701168"]
[WhiteElo "2494"]
[BlackElo "2071"]
[Result "1-0"]
[Round "01"]
[TimeControl "180+1"]
[Date "2022.04.12"]
[WhiteClock "0:01:34"]
[BlackClock "0:00:12"]

1. c3 c5 2. Qc2 Nc6 3. d3 g6 4. e4 Bg7 5. Nf3 d6 6. Be2 e5 7. O-O Nge7 8. a3 O-O 9. b4 b6 10. b5 Na5 11. c4 h6 12. Bd2 Kh7 13. Bxa5 bxa5 14. Nc3 a6 15. bxa6 f5 16. Rab1 f4 17. Nd5 g5 18. Nd2 g4 19. Nb6 Rxa6 20. Nxc8 Qxc8 21. Rb2 Nc6 22. Rfb1 Nd4 23. Qd1 f3 24. Bf1 Qe6 25. Nb3 fxg2 26. Bxg2 Nf3+ 27. Bxf3 gxf3 28. Kh1 Rf6 29. Nd2 Qg4 30. Qg1 Qh5 31. Nf1 Rg6 32. Ng3 Qh3 33. Rb7 h5 34. Qf1 Qg4 35. h3 Qg5 36. Qd1 Qh4 37. Qxf3 Qxh3+ 38. Kg1 d5 39. Qf5 Qh4 40. R1b6 Rxb6 41. Rxb6 Qg5 42. Rxg6 Qxg6 43. Qxh5+ Qxh5 44. Nxh5 dxc4 45. dxc4 Bh6 46. Nf6+ Kg6 47. Nd7 a4 48. Nxc5 Bc1 49. Nxa4 Bxa3 50. Kg2 Kf6 51. f3 Bf8 52. Kg3 Bh6 53. Kg4 Ke6 54. Nc5+ Kd6 55. Nd3 Be3 56. Kf5 Bd4 57. Nxe5 Bxe5 58. c5+ 1-0


[Site "https://www.chess.com"]

[Event "Titled Tuesday Blitz April 12 Early 2022"]
[White "Narayanan, Srinath"]
[Black "Jaskolka, Tomasz"]
[WhiteFideId "5018420"]
[BlackFideId "1170791"]
[WhiteElo "2472"]
[BlackElo "2073"]
[Result "1-0"]
[Round "01"]
[TimeControl "180+1"]
[Date "2022.04.13"]
[WhiteClock "0:00:07"]
[BlackClock "0:00:35"]

1. Nf3 d5 2. e3 Bf5 3. c4 c6 4. b3 e6 5. Bb2 Nf6 6. Nc3 Nbd7 7. Be2 Bd6 8. Nh4 Bg6 9. Nxg6 hxg6 10. h3 a6 11. Qc2 Qe7 12. O-O-O b5 13. Kb1 bxc4 14. bxc4 Rb8 15. Ka1 O-O 16. Rb1 Nc5 17. d4 Nce4 18. c5 Bc7 19. Bd3 Nxc3 20. Bxc3 e5 21. Rxb8 Rxb8 22. Rb1 exd4 23. Rxb8+ Bxb8 24. exd4 Ne4 25. Bb2 Qg5 26. Bxe4 dxe4 27. Qxe4 Qd2 28. Kb1 Bf4 29. a3 Qxf2 30. Qe8+ Kh7 31. Qxf7 Qe1+ 32. Ka2 Bd2 33. Qf3 Bc1 34. Qc3 Qxc3 35. Bxc3 g5 36. Kb3 Kg6 37. Kc4 Bxa3 38. d5 cxd5+ 39. Kxd5 Bc1 40. c6 Bf4 41. Be5 Bxe5 42. Kxe5 a5 43. c7 a4 44. c8=Q a3 45. Qf5+ Kh6 46. Qe6+ g6 47. Qa6 g4 48. Qxa3 Kg5 49. Qe7+ Kh5 50. h4 g3 51. Qg5# 1-0


[Site "https://www.chess.com"]

[Event "Titled Tuesday Blitz April 12 Early 2022"]
[White "Niemann, Hans Moke"]
[Black "Shandrygin, Nikita"]
[WhiteFideId "2093596"]
[BlackFideId "24198668"]
[WhiteElo "2632"]
[BlackElo "2323"]
[Result "1-0"]
[Round "01"]
[TimeControl "180+1"]
[Date "2022.04.12"]
[WhiteClock "0:02:12"]
[BlackClock "0:00:15"]

1. d4 d5 2. Nc3 Nc6 3. Bf4 Bf5 4. e3 a6 5. g4 Bg6 6. h4 h6 7. Bd3 Bxd3 8. Qxd3 e6 9. Nge2 Bd6 10. O-O-O Nge7 11. e4 Qd7 12. e5 Bb4 13. h5 O-O-O 14. Kb1 Na7 15. a3 Ba5 16. Nc1 Nb5 17. N3e2 Bb6 18. Nb3 Nc6 19. Be3 Na5 20. Nxa5 Bxa5 21. f4 Bb6 22. f5 Rhe8 23. f6 gxf6 24. Bxh6 Rh8 25. Bg7 Rhg8 26. exf6 Rde8 27. h6 1-0


[Site "https://www.chess.com"]

[Event "Titled Tuesday Blitz April 12 Early 2022"]
[White "Nogerbek, Kazybek"]
[Black "Bettalli, Francesco"]
[WhiteFideId "13710427"]
[BlackFideId "2816453"]
[WhiteElo "2834"]
[BlackElo "2453"]
[Result "1-0"]
[Round "01"]
[TimeControl "180+1"]
[Date "2022.04.13"]
[WhiteClock "0:01:38"]
[BlackClock "0:01:08"]

1. c4 c5 2. Nc3 g6 3. Nf3 Bg7 4. d4 cxd4 5. Nxd4 Nf6 6. e4 Nc6 7. Be3 O-O 8. Be2 Re8 9. O-O d6 10. f3 a6 11. Qd2 Rb8 12. Rac1 Bd7 13. Rfd1 Qa5 14. a3 Nxd4 15. Bxd4 Qh5 16. b4 Rec8 17. c5 Ne8 18. Bxg7 Kxg7 19. Qd4+ f6 20. Nd5 e5 21. Qe3 dxc5 22. Nb6 Be6 23. Nxc8 Rxc8 24. Rxc5 Rxc5 25. Qxc5 g5 26. Qe7+ Bf7 27. Bc4 Kg8 28. Qxe8+ 1-0


[Site "https://www.chess.com"]

[Event "Titled Tuesday Blitz April 12 Early 2022"]
[White "Nugumanov, Bakhtiyar"]
[Black "Kubicka, Anna"]
[WhiteFideId "13701797"]
[BlackFideId "1152254"]
[WhiteElo "2262"]
[BlackElo "2000"]
[Result "1-0"]
[Round "01"]
[TimeControl "180+1"]
[Date "2022.04.13"]
[WhiteClock "0:00:13"]
[BlackClock "0:01:27"]

1. Nf3 Nf6 2. c4 c5 3. Nc3 g6 4. e4 d6 5. d4 cxd4 6. Nxd4 Bg7 7. Be2 Nc6 8. Be3 O-O 9. O-O a5 10. f3 Nxd4 11. Bxd4 Nd7 12. Bxg7 Kxg7 13. Qd4+ Kg8 14. Nd5 Nc5 15. f4 f5 16. e5 Be6 17. Nxe7+ Qxe7 18. exd6 Qf7 19. Qxc5 Rfc8 20. Qd4 b6 21. Rac1 Rc5 22. a3 a4 23. Rc3 Rd8 24. Rd1 Rc6 25. Bf3 Rcxd6 26. Qxd6 Rxd6 27. Rxd6 Kg7 28. Rxb6 Bxc4 29. Rb7 Qxb7 30. Bxb7 1-0


[Site "https://www.chess.com"]

[Event "Titled Tuesday Blitz April 12 Early 2022"]
[White "O`Gorman, Tom"]
[Black "Xiong, Jeffery"]
[WhiteFideId "2508249"]
[BlackFideId "2047640"]
[WhiteElo "2247"]
[BlackElo "2727"]
[Result "0-1"]
[Round "01"]
[TimeControl "180+1"]
[Date "2022.04.12"]
[WhiteClock "0:02:33"]
[BlackClock "0:02:40"]

1. e4 c6 2. d4 d5 3. e5 Bf5 4. Nd2 Qc7 5. Nb3 e6 6. Nf3 Nd7 7. Be3 f6 8. exf6 Ngxf6 9. Bd3 Bg4 10. h3 Bxf3 11. Qxf3 Bd6 12. O-O-O O-O 13. Qe2 a5 14. Kb1 a4 15. Nd2 a3 16. b3 e5 17. Bf5 Rae8 18. g4 exd4 0-1


[Site "https://www.chess.com"]

[Event "Titled Tuesday Blitz April 12 Early 2022"]
[White "Oganian, Miran"]
[Black "Czerw, Dawid"]
[WhiteFideId "4122488"]
[BlackFideId "1145746"]
[WhiteElo "2829"]
[BlackElo "2451"]
[Result "1-0"]
[Round "01"]
[TimeControl "180+1"]
[Date "2022.04.13"]
[WhiteClock "0:02:47"]
[BlackClock "0:00:17"]

1. e4 c5 2. Nf3 Nc6 3. c3 d5 4. exd5 Qxd5 5. d4 Nf6 6. Be2 e6 7. O-O Be7 8. c4 Qd6 9. dxc5 Qxd1 10. Rxd1 Bxc5 11. Nc3 a6 12. Bf4 O-O 13. a3 Rd8 14. b4 Be7 15. Na4 Nh5 16. Bc7 Rxd1+ 17. Rxd1 b5 18. Nb6 Ra7 19. Nxc8 Rxc7 20. Nxe7+ Rxe7 21. cxb5 axb5 22. Bxb5 1-0


[Site "https://www.chess.com"]